 Dungeon Crawl Stone Soup version 0.28-a0-1356-g2ad6d04315 (webtiles) character file.

Game seed: 7342372766723137549

891 Teslajakalope the Shield-Bearer (level 7, -1/64 HPs)
             Began as a Minotaur Fighter on Dec 30, 2021.
             Was a Follower of Okawaru.
             Slain by Maggie (8 damage)
             ... on level 6 of the Dungeon.
             The game lasted 00:16:53 (5944 turns).

Teslajakalope the Shield-Bearer (Minotaur Fighter)  Turns: 5944, Time: 00:16:54

Health: -1/64      AC:  7    Str: 22    XL:     7   Next: 78%
Magic:  6/6        EV:  9    Int:  5    God:    Okawaru [*.....]
Gold:   241        SH:  5    Dex: 13    Spells: 6/6 levels left

rFire   + + .      SeeInvis .   y - +4 mace of Bodily Harmony {spect, Contam rF++ rN+++ Dex+3}
rCold   . . .      Faith    .   c - +0 buckler
rNeg    + + +      Spirit   .   b - +0 scale mail
rPois   .          Reflect  .   (helmet restricted)
rElec   .          Harm     .   (no cloak)
rCorr   .          Rampage  .   (no gloves)
Will    .....                   (no boots)
Stlth   ..........              (no amulet)
HPRegen 0.20/turn               h - +4 ring of slaying
MPRegen 0.10/turn               (no ring)

@: mesmerised
A: horns 2, retaliatory headbutt
a: Renounce Religion, Heroism


You were on level 6 of the Dungeon.
You worshipped Okawaru.
Okawaru was aware of your devotion.
You visited 2 branches of the dungeon, and saw 8 of its levels.

You collected 241 gold pieces.

Inventory:

Hand Weapons
 a - a +1 war axe
 y - the +4 mace of Bodily Harmony (weapon) {spect, Contam rF++ rN+++ Dex+3}
   (You found it on level 7 of the Dungeon)

   When its wielder attacks, the weapon's spirit leaps out and strikes again.
   The spirit shares a part of any damage it takes with its wielder.
   Dex:       It affects your dexterity (+3).
   rF:        It greatly protects you from fire.
   rN:        It renders you almost immune to negative energy.
   Contam:    It causes magical contamination when unequipped.
Missiles
 p - 154 stones (quivered)
 t - a throwing net
Armour
 b - a +0 scale mail (worn)
 c - a +0 buckler (worn)
Jewellery
 h - a +4 ring of slaying (left hand)
Scrolls
 f - 2 scrolls of teleportation
 g - a scroll of noise
 j - 2 scrolls of magic mapping
 k - 3 scrolls of identify
 n - a scroll of acquirement {unknown}
 q - 2 scrolls of enchant weapon
 r - a scroll of summoning {unknown}
 u - a scroll of silence {unknown}
 v - a scroll of enchant armour {unknown}
 x - a scroll of immolation {unknown}
Potions
 d - 2 potions of might
 e - 4 potions of mutation
 i - 2 potions of brilliance {unknown}
 l - a potion of magic {unknown}
 m - 2 potions of berserk rage {unknown}
 o - a potion of heal wounds {unknown}
 s - a potion of haste
 w - a potion of curing {unknown}


   Skills:
 + Level 6.4 Fighting
 - Level 5.3(5.5) Axes
 + Level 1.7(3.8) Maces & Flails
 + Level 6.3 Armour
 + Level 6.5 Shields


You had 6 spell levels left.
You didn't know any spells.
Your spell library contained the following spells:

 Spells                   Type           Power      Damage    Failure   Level
 Beastly Appendage        Tmut           0%         N/A       78%         1
 Magic Dart               Conj           0%         1d3       78%         1
 Shock                    Conj/Air       0%         1d3       78%         1
 Wereblood                Tmut           0%         N/A       89%         2
 Dazzling Flash           Conj/Hex       0%         N/A       98%         3
 Mephitic Cloud           Conj/Pois/Air  0%         N/A       98%         3
 Spider Form              Tmut/Pois      0%         N/A       98%         3
 Swiftness                Air            0%         N/A       98%         3
 Airstrike                Air            0%         N/A       100%        4
 Iskenderun's Mystic Bla  Conj/Tloc      0%         2d3       100%        4
 Starburst                Conj/Fire      0%         6d3       100%        6
 Call Imp                 Summ           Unusable   N/A       N/A         2

Dungeon Overview and Level Annotations

Branches:
Dungeon (7/15)             Temple (1/1) D:4

Altars:
Ashenzari
Cheibriados
Dithmenos
Elyvilon
Fedhas
Gozag
Hepliaklqana
Kikubaaqudgha
Makhleb
Nemelex Xobeh
Okawaru
Qazlal
Ru
Sif Muna
Trog
Uskayaw
Vehumet
Wu Jian
Xom
Yredelemnul
Zin
The Shining One

Annotations:
D:3 2 runed translucent doors, Adrian566's ghost, amateur OpFi
D:6 Maggie
D:7 1 runed translucent door, Crazy Yiuf; Joseph


Innate Abilities, Weirdness & Mutations

You have a pair of horns on your head.
You reflexively headbutt those who attack you in melee.


Message History

The bolt of fire hits you. You resist.
Press: ? - help, v - describe, . - travel The floor.
Found a stone staircase leading down.
You block Maggie's attack.
You hit Maggie. You headbutt Maggie!
Maggie is moderately wounded.
Maggie casts a spell at you. The bolt of fire hits you! You resist.
You barely miss Maggie.
Maggie is moderately wounded.
Maggie casts a spell at you. The bolt of fire hits you. You resist.
You hit Maggie.
Maggie is moderately wounded.
Maggie casts a spell.
Maggie draws you further into her thrall.
You hit Maggie. You headbutt Maggie, but do no damage.
Maggie is moderately wounded.
Maggie hits you with a +1 glaive of flaming!
Maggie hits you with a +1 glaive of flaming.
You barely miss Maggie. You headbutt Maggie!
Maggie is heavily wounded.
Maggie hits you with a +1 glaive of flaming!
* * * LOW HITPOINT WARNING * * *
You closely miss Maggie.
Maggie is heavily wounded.
Maggie casts a spell at you. The bolt of fire hits you! You resist.
* * * LOW HITPOINT WARNING * * *
You closely miss Maggie.
Maggie is heavily wounded.
Maggie barely misses you. You furiously retaliate!
You headbutt Maggie. You hit Maggie.
Maggie is heavily wounded.
Maggie hits you with a +1 glaive of flaming.
* * * LOW HITPOINT WARNING * * *
You sock Maggie!
Maggie is severely wounded.
Maggie hits you with a +1 glaive of flaming!
You die...

#.#
#.#
#.#
#.#
#.#
#.#
#.#
#.#
#@#
#@#
..#
....
#...#
#.#.#
#.#.#
#.#>#


You could see Maggie (mesmerising).

Vanquished Creatures
  A sky beast (D:5)
  An ice beast (D:2)
  A necrophage (D:4)
  A centaur (D:6)
  3 wights (D:7)
  A bullfrog zombie (D:3)
  An orc priest (D:3)
  A bullfrog skeleton (D:5)
  A jelly (D:7)
  2 iguanas
  A scorpion zombie (D:5)
  Natasha (thrice) (D:2)
  An orc wizard (D:5)
  3 adders
  An ufetubus (D:5)
  2 worms (D:3)
  3 dart slugs
  11 orcs
  4 endoplasms
  4 giant cockroaches
  5 goblins
  5 hobgoblins
  2 jackals (D:1)
  7 kobolds
  2 quokkas
  9 ball pythons
  7 bats
  6 frilled lizards
  6 rats
95 creatures vanquished.

Vanquished Creatures (others)
  A fungus (D:1)
  A plant (D:1)
2 creatures vanquished.

Grand Total: 97 creatures vanquished

Notes
Turn   | Place    | Note
-------+----------+-------------------------------------------
     0 | D:1      | Teslajakalope the Minotaur Fighter began the quest for the
                  | Orb.
     0 | D:1      | Reached XP level 1. HP: 19/19 MP: 0/0
   343 | D:1      | Reached XP level 2. HP: 17/27 MP: 1/1
   832 | D:1      | Found a faded altar of an unknown god.
   968 | D:1      | Reached XP level 3. HP: 33/33 MP: 2/2
  1369 | D:2      | Noticed Natasha
  1372 | D:2      | Killed Natasha
  1373 | D:2      | Reached XP level 4. HP: 32/41 MP: 3/3
  1819 | D:2      | Noticed Natasha
  1831 | D:2      | Killed Natasha
  1892 | D:2      | Noticed Natasha
  1895 | D:2      | Killed Natasha
  1896 | D:2      | Reached XP level 5. HP: 47/47 MP: 4/4
  2171 | D:3      | Noticed an ice beast
  2353 | D:3      | Reached skill level 5 in Fighting
  2359 | D:3      | Reached skill level 5 in Armour
  2359 | D:3      | Reached skill level 5 in Shields
  2633 | D:3      | Found a runed translucent door.
  2644 | D:3      | Noticed Adrian566's ghost (amateur OpFi)
  2665 | D:3      | Found a runed translucent door.
  2808 | D:2      | Killed an ice beast
  2809 | D:2      | Reached XP level 6. HP: 45/56 MP: 5/5
  3304 | D:4      | Found a staircase to the Ecumenical Temple.
  3315 | Temple   | Entered the Ecumenical Temple
  3881 | Temple   | Became a worshipper of Warmaster Okawaru
  4121 | D:4      | Found a stormy altar of Qazlal.
  4719 | D:5      | Entered Level 5 of the Dungeon
  4785 | D:5      | Noticed an ice beast
  4852 | D:5      | Noticed a sky beast
  4855 | D:5      | Reached skill level 5 in Axes
  4855 | D:5      | Reached XP level 7. HP: 56/62 MP: 6/6
  5210 | D:5      | You fall into a shaft and drop 2 floors!
  5278 | D:7      | Reached * piety under Okawaru
  5465 | D:7      | Identified the +4 mace of Bodily Harmony {spect, Contam
                  | rF++ rN+++ Dex+3}
  5470 | D:7      | Found a runed translucent door.
  5471 | D:7      | Noticed Crazy Yiuf
  5554 | D:7      | Reached skill level 1 in Maces & Flails
  5600 | D:7      | Noticed Joseph
  5931 | D:6      | Noticed Maggie
  5944 | D:6      | Slain by Maggie

Illustrated notes

Levels and vault maps discovered:
D:1:      nzn_arrival_crosshair, layout_basic, serial_rivers,
          chequers_serial_rivers_marsh, chequers_serial_rivers_small_a,
          chequers_serial_rivers_micro_a, chequers_serial_rivers_marsh,
          shapermc_ecumenical_altar_mp_urbaneastern, nrook_mini_vaults,
          wander_ebering_terrifying_dragon_lair
D:2:      layout_loops_corners, chequers_serial_rivers_large_a, uniq_natasha
D:3:      layout_rooms, ebering_ghost_sewer_f, hex_tiny, grunt_ministairs_13,
          grunt_decor_junction
D:4:      layout_basic, grunt_qazlal_clouds, minmay_temple_entry_glass
D:5:      layout_layer_cave
D:6:      layout_basic, uniq_maggie
D:7:      layout_basic, uniq_crazy_yiuf_cottage, uniq_joseph
Temple:   mainiacjoe_temple_starburst

Skill      XL: |  1  2  3  4  5  6  7 |
---------------+----------------------+-----
Fighting       | 4 5 6 |  6.4
Shields        | 4 5 6 |  6.5
Armour         | 4 5 6 |  6.3
Axes           | 3 4 5 |  5.3
Maces & Flails | 1 |  1.7

Action                   |  1- 3 |  4- 6 |  7- 9 || total
-------------------------+-------+-------+-------++-------
Melee: War axe           |    47 |    95 |    14 ||   156
       Headbutt          |     4 |    16 |     8 ||    28
       Mace              |       |       |    22 ||    22
Throw: Stone             |       |     2 |       ||     2
  Use: Scroll            |       |     5 |       ||     5
Armor: Scale mail        |    29 |    38 |    12 ||    79
Dodge: Dodged            |    27 |    44 |    14 ||    85
Block: Buckler           |    10 |    32 |     5 ||    47

Table legend: (Time is in decaauts)
 A = Elapsed time spent in this place.
 B = Non-inter-level travel time spent in this place.
 C = Inter-level travel time spent in this place.
 D = Time resting spent in this place.
 E = Time spent auto-exploring this place.
 F = Levels seen in this place.
 G = Mean time per level.
                   A        B        C        D        E       F      G
               +--------+--------+--------+--------+--------+-----+--------+
         Total |   6023 |   5627 |    396 |    618 |   3697 |   8 |  752.9 |
       Dungeon |   5403 |   5107 |    296 |    618 |   3187 |   7 |  771.9 |
        Temple |    619 |    519 |    100 |      0 |    510 |   1 |  619.0 |
               +--------+--------+--------+--------+--------+-----+--------+

Top non-repeatable levels by time:
     D:1: 1194 daAuts
     D:4: 1139 daAuts
     D:2: 1117 daAuts
     D:3: 812 daAuts
  Temple: 619 daAuts
     D:7: 427 daAuts
     D:5: 401 daAuts
     D:6: 311 daAuts
